 Dungeon Crawl Stone Soup version 0.31-a0-1291-g5386780bc2 (webtiles) character file.

Game seed: 4142756381380238042

1393 Nattfarinn the Destroyer (level 8, -5/48 HPs)
             Began as a Deep Elf Conjurer on Dec 18, 2023.
             Was an Initiate of Vehumet.
             Slain by a yak (7 damage)
             ... on level 7 of the Dungeon.
             The game lasted 00:18:29 (8784 turns).

Nattfarinn the Destroyer (Deep Elf Conjurer)        Turns: 8784, Time: 00:18:29

Health: -5/48      AC:  7    Str:  4    XL:     8   Next: 41%
Magic:  4/19       EV: 12    Int: 26    God:    Vehumet [......]
Gold:   173        SH:  0    Dex: 13    Spells: 9/20 levels left

rFire   + . .        C - +2 morningstar (holy)
rCold   . . .        (no shield)
rNeg    . . .        a - +0 robe
rPois   .            (no helmet)
rElec   .            u - +0 cloak
rCorr   .            v - +0 pair of gloves
SInv    .            f - +2 pair of boots
Will    .....        i - amulet of the acrobat
Stlth   ++           t - ring of protection from fire
HPRegen 0.28/turn    (no ring)
MPRegen 0.16/turn

%: acrobat
@: about to teleport, very slightly contaminated
A: no striking features
a: Renounce Religion


You were on level 7 of the Dungeon.
You worshipped Vehumet.
Vehumet was noncommittal.
You visited 2 branches of the dungeon, and saw 9 of its levels.

You collected 428 gold pieces.
You spent 255 gold pieces at shops.

Inventory:

Hand Weapons
 r - a +4 long sword
 C - a +2 morningstar of holy wrath (weapon)
Armour
 a - a +0 robe (worn)
 f - a +2 pair of boots (worn)
 u - a +0 cloak (worn)
 v - a +0 pair of gloves (worn)
Jewellery
 i - an amulet of the acrobat (around neck)
 t - a ring of protection from fire (left hand)
 D - an amulet of guardian spirit
Talismans
 p - a flux talisman
Wands
 m - a wand of mindburst (4)
 B - a wand of flame (9)
Scrolls
 g - 2 scrolls of noise
 h - 2 scrolls of fog
 j - 2 scrolls of summoning
 k - a scroll of fear
 l - 5 scrolls of vulnerability
 n - a scroll of silence
 o - 4 scrolls of enchant weapon
 s - 3 scrolls of teleportation
 y - a scroll of immolation
 z - a scroll of amnesia
 F - a scroll of identify
Potions
 b - 2 potions of magic
 c - a potion of haste
 d - 2 potions of heal wounds
 e - 3 potions of curing
 q - 3 potions of enlightenment
 w - a potion of mutation
 x - a potion of resistance
 A - a potion of lignification
 E - a potion of brilliance {unknown}


   Skills:
 - Level 4.7 Fighting
 - Level 2.4 Dodging
 - Level 2.4 Stealth
 - Level 6.5 Spellcasting
 - Level 9.1 Conjurations
 * Level 0.0 Fire Magic


You had 9 spell levels left.
You knew the following spells:

 Your Spells              Type           Power      Damage    Failure   Level
a - Magic Dart            Conj           100%       1d8       1%          1
b - Searing Ray           Conj           100%       2d8       1%          2
c - Iskenderun's Mystic   Conj/Tloc      32%        2d8       10%         4
d - Flame Wave            Conj/Fire      32%        2d9       10%         4

Your spell library contained the following spells:

 Spells                   Type           Power      Damage    Failure   Level
 Dazzling Flash           Conj/Hex       64%        N/A       3%          3
 Hailstorm                Conj/Ice       32%        3d8       3%          3
 Sublimation of Blood     Necr           8%         N/A       10%         2
 Fulminant Prism          Conj/Hex       16%        3d10      10%         4
 Sticky Flame             Conj/Fire      32%        2d5       10%         4
 Inner Flame              Hex/Fire       8%         N/A       21%         3
 Irradiate                Conj/Tmut      16%        3d17      28%         5
 Petrify                  Tmut/Erth      8%         N/A       54%         4
 Summon Ice Beast         Ice/Summ       8%         N/A       54%         4
 Simulacrum               Ice/Necr       4%         N/A       100%        6


Dungeon Overview and Level Annotations

Branches:
Dungeon (8/15)             Temple (1/1) D:7
   Lair: D:8-11

Altars:
Ashenzari
Cheibriados
Dithmenos
Elyvilon
Fedhas
Gozag
Hepliaklqana
Kikubaaqudgha
Makhleb
Nemelex Xobeh
Okawaru
Qazlal
Ru
Sif Muna
Trog
Uskayaw
Vehumet
Wu Jian
Yredelemnul
Zin
The Shining One

Shops:
D:5 *   D:6 ((?[

Annotations:
D:3 1 runed translucent door, jotaen's ghost, amateur MiFi
D:4 Dowan


Message History

You erupt in a blast of force!
The mystic blast hits the orc!
You kill the orc!
Vehumet accepts your kill.
The mystic blast hits the yak.
The yak is heavily wounded.
The mystic blast hits the yak.
The yak is severely wounded.
The yak is knocked back by the mystic blast.
The mystic blast hits the yak!
The yak is heavily wounded.
The yak is knocked back by the mystic blast.
The yak gores you.
Unknown command.
Casting: Iskenderun's Mystic Blast (quite dangerous; 10% risk of failure)
Confirm with . or Enter, or press ? or * to list all spells.
You miscast Iskenderun's Mystic Blast.
Nothing appears to happen.
The yak misses you.
Unknown command.
Casting: Iskenderun's Mystic Blast (quite dangerous; 10% risk of failure)
Confirm with . or Enter, or press ? or * to list all spells.
You don't have enough magic to cast this spell.
Okay, then.
Aiming: Mindburst
Press: ? - help, Shift-Dir - straight line, f - yak
Aim: a yak (severely wounded, chance to affect: 64%)
The yak struggles to resist.
The yak completely misses you. The yak gores you. The yak gores you!
Unknown command.
The yak misses you. The yak gores you!
* * * LOW HITPOINT WARNING * * *
The yak barely misses you.
You climb upwards.
There is a stone staircase leading down, spattered with blood here.
Unknown command.
Unknown command.
As you read the scroll of teleportation, it crumbles to dust.
You feel strangely unstable. The yak gores you!
* * * LOW HITPOINT WARNING * * *
The yak gores you!
You die...

#..###..# #..# #.............
##..# #..# ##.####.......###...
##...###.## #..##.....#### ##..
#....##..# ####.........# ##.
###......###............# ###.
###...................# ##..#
#......#####........# ###...#
##....### ##Y......###...###
##...#..# ##@Y......##...####
##...##..#####.Y.!.........###.#
##...####..##.......##..........#
....##..............##...###....#
#..#.....##.........##...# ##....
##....#####..........#...# ##...
##.### ##..#.......#...# #... #.#
#..###...##.....# ##.. #.####
#..# #..###.....#####...


You could see 3 yaks.

Vanquished Creatures
  A yak (D:7)
  Duvessa (D:4)
  An ice beast (D:7)
  A black bear (D:5)
  A centaur (D:7)
  2 phantoms
  2 scorpions
  3 wights (D:7)
  A howler monkey (D:7)
  3 hounds
  2 orc priests (D:4)
  An iguana (D:6)
  2 orc wizards
  7 gnolls (D:6)
  2 adders
  A white imp (D:5)
  3 worms
  4 dart slugs
  17 orcs
  4 endoplasms
  3 giant cockroaches
  5 goblins
  5 hobgoblins
  8 jackals
  4 quokkas
  8 ball pythons
  4 bats
  A frilled lizard (D:2)
  10 kobolds
  3 rats (D:1)
110 creatures vanquished.

Notes
Turn   | Place    | Note
-------+----------+-------------------------------------------
     0 | D:1      | Nattfarinn the Deep Elf Conjurer began the quest for the
                  | Orb.
     0 | D:1      | Reached XP level 1. HP: 10/10 MP: 6/6
   163 | D:1      | Reached XP level 2. HP: 15/15 MP: 3/8
   385 | D:1      | Found a faded altar of an unknown god.
  1081 | D:2      | Reached XP level 3. HP: 12/19 MP: 0/10
  1596 | D:2      | Found a glowing silver altar of Zin.
  2503 | D:3      | Found a runed translucent door.
  2511 | D:3      | Noticed jotaen's ghost (amateur MiFi)
  2749 | D:3      | Reached skill level 5 in Conjurations
  2822 | D:3      | Reached skill level 5 in Spellcasting
  3111 | D:4      | Reached XP level 4. HP: 24/24 MP: 8/13
  3348 | D:4      | Noticed Duvessa
  3348 | D:4      | Noticed Dowan
  3404 | D:4      | Learned a level 2 spell: Searing Ray
  3466 | D:4      | Reached XP level 5. HP: 28/28 MP: 9/15
  3665 | D:4      | Reached skill level 1 in Fighting
  3832 | D:4      | Found a blossoming altar of Fedhas.
  4519 | D:4      | Killed Duvessa
  4520 | D:4      | Reached XP level 6. HP: 6/36 MP: 8/17
  5409 | D:5      | Entered Level 5 of the Dungeon
  5409 | D:5      | Found Xumeuggeaha's Overcharged Wands.
  5532 | D:5      | Reached XP level 7. HP: 42/42 MP: 9/18
  6163 | D:6      | Found Eneus's Magic Scroll Boutique.
  6167 | D:6      | Bought a scroll of identify for 20 gold pieces
  6167 | D:6      | Bought a scroll of immolation for 40 gold pieces
  6167 | D:6      | Bought a scroll of teleportation for 30 gold pieces
  6167 | D:6      | Bought a scroll of teleportation for 30 gold pieces
  6167 | D:6      | Bought a scroll of enchant weapon for 75 gold pieces
  6167 | D:6      | Bought a scroll of identify for 20 gold pieces
  6167 | D:6      | Bought a scroll of amnesia for 40 gold pieces
  6187 | D:6      | Found Meely's Armour Boutique.
  6272 | D:6      | Learned a level 4 spell: Iskenderun's Mystic Blast
  6473 | D:6      | Found a sacrificial altar of Ru.
  6508 | D:6      | Reached skill level 6 in Conjurations
  6632 | D:6      | Found Pasmo's Weapon Shoppe.
  6828 | D:6      | Found Ukonnim's Weapon Shoppe.
  6940 | D:7      | Found a shimmering blue altar of Sif Muna.
  7235 | D:7      | Found a staircase to the Ecumenical Temple.
  7244 | Temple   | Entered the Ecumenical Temple
  7347 | D:7      | Reached skill level 7 in Conjurations
  7702 | D:7      | Reached XP level 8. HP: 48/48 MP: 1/19
  7845 | D:7      | Reached skill level 8 in Conjurations
  8438 | D:7      | Found a hazy altar of Hepliaklqana.
  8439 | D:7      | Found a radiant altar of Vehumet.
  8439 | D:7      | Found a basalt altar of Yredelemnul.
  8442 | D:7      | Became a worshipper of Vehumet
  8677 | D:7      | Reached skill level 9 in Conjurations
  8775 | D:7      | Learned a level 4 spell: Flame Wave
  8784 | D:7      | HP: 2/48 [yak (10)]
  8784 | D:7      | Slain by a yak

Illustrated notes

Levels and vault maps discovered:
D:1:      dpeg_arrival_simpleton_c, layout_basic,
          hellmonk_ecumenical_altar_pennies_from_heaven
D:2:      layout_loops_ring, serial_rivers, chequers_serial_rivers_micro_c,
          chequers_serial_rivers_micro_d, chequers_serial_rivers_micro_e,
          chequers_serial_rivers_micro_d, chequers_serial_rivers_small_b,
          basic_altar
D:3:      layout_loops_ring, ebering_ghost_sewer_d
D:4:      layout_loops_corners, fedhas_altar_fruit_tree, roderic_lattice_a,
          uniq_duvessa
D:5:      layout_rooms, nicolae_shop_overcharged_wands
D:6:      nicolae_cairo_tiling, layout_rooms, nicolae_ru_path_of_blood,
          serial_shops, nicolae_square_shop,
          nicolae_shop_temple_entry_statues_fountains, shop_statue,
          nicolae_shop_stone
D:7:      layout_layer_cave, mainiacjoe_overflow_alcove_3,
          minmay_temple_entry_trees
D:8:      layout_loops_ring, uniq_psyche, uniq_maggie, uniq_pikel, uniq_jeremiah
Temple:   hellmonk_temple_of_storms

Skill      XL: |  1  2  3  4  5  6  7  8 |
---------------+-------------------------+-----
Spellcasting   | 4 5 6 |  6.5
Conjurations   | 5 7 9 |  9.1
Fighting       | 2 3 4 |  4.7
Dodging        | |  2.4
Stealth        | |  2.4

Action                     |  1- 3 |  4- 6 |  7- 9 || total
---------------------------+-------+-------+-------++-------
  Melee: Unarmed           |       |     4 |       ||     4
         Morningstar       |       |       |    15 ||    15
         Punch             |       |       |     1 ||     1
   Cast: Magic Dart        |    98 |    79 |   103 ||   280
         Searing Ray       |       |     5 |     6 ||    11
         Iskenderun's Myst |       |       |    14 ||    14
  Evoke: Wand              |       |       |     1 ||     1
    Use: Scroll            |     2 |     7 |     9 ||    18
 Armour: Robe              |     5 |    11 |    40 ||    56
  Dodge: Dodged            |     9 |    10 |    43 ||    62

Table legend: (Time is in decaauts)
 A = Elapsed time spent in this place.
 B = Non-inter-level travel time spent in this place.
 C = Inter-level travel time spent in this place.
 D = Time resting spent in this place.
 E = Time spent auto-exploring this place.
 F = Levels seen in this place.
 G = Mean time per level.
                   A        B        C        D        E       F      G
               +--------+--------+--------+--------+--------+-----+--------+
         Total |   8798 |   8265 |    533 |   1413 |   6045 |   9 |  977.6 |
       Dungeon |   8756 |   8263 |    493 |   1413 |   6045 |   8 | 1094.5 |
        Temple |     41 |      1 |     40 |      0 |      0 |   1 |   41.0 |
               +--------+--------+--------+--------+--------+-----+--------+

Top non-repeatable levels by time:
     D:4: 2223 daAuts
     D:7: 1781 daAuts
     D:2: 1191 daAuts
     D:3: 1020 daAuts
     D:1: 978 daAuts
     D:6: 791 daAuts
     D:5: 753 daAuts
  Temple: 41 daAuts
     D:8: 15 daAuts
